[Event "EYCC Open-U10 2019"]
[Site "Bratislava"]
[Date "2019.08.09"]
[Round "8.1"]
[White "Vetokhin, Savva"]
[Black "Finek, Vaclav"]
[Result "1/2-1/2"]
[ECO "C43"]
[WhiteElo "1954"]
[BlackElo "2043"]
[Annotator "NA"]
[PlyCount "89"]
[EventDate "2019.08.02"]
[EventType "swiss"]
[EventCountry "SVK"]
[SourceTitle "playchess.com"]
[Source "ChessBase"]
[SourceQuality "1"]
[TimeControl "40/5400+30:1800+30"]

1. e4 e5 2. Nf3 Nf6 3. d4 Nxe4 4. Bd3 d5 5. Nxe5 Nd7 6. Nxd7 Bxd7 7. O-O Bd6 8. c4 c6 9. Nc3 Nxc3 10. bxc3 O-O 11. Be3 dxc4 12. Bxc4 Qh4 13. g3 Qf6 14. Bd3 Bf5 15. c4 h5 16. Rb1 b6 17. Rb3 Bg4 18. Qc2 Bh3 19. Re1 Rae8 20. Be2 h4 21. Qd1 Qe6 22. c5 Bc7 23. Bf3 bxc5 24. dxc5 Ba5 25. Re2 Rd8 26. Bd4 Qc4 27. Rd3 Bf5 28. Be4 Bg4 29. f3 Be6 30. gxh4 f5 31. Bxc6 Bc3 32. Rxc3 Qxc3 33. Bxc3 Rxd1+ 34. Kf2 Bf7 35. Bb7 Rc1 36. Bb2 Rxc5 37. Ba3 Ra5 38. Bxf8 Kxf8 39. Bc8 g6 40. Kg3 Kg7 41. Be6 Bxe6 42. Rxe6 Rxa2 43. h5 gxh5 44. Kf4 Rxh2 45. Ra6 1/2-1/2

[Event "EYCC Open-U10 2019"]
[Site "Bratislava"]
[Date "2019.08.09"]
[Round "8.2"]
[White "Azadaliyev, Jahandar"]
[Black "Usov, Aleksandr E."]
[Result "1-0"]
[ECO "D45"]
[WhiteElo "1905"]
[BlackElo "1809"]
[Annotator "NA"]
[PlyCount "105"]
[EventDate "2019.08.02"]
[EventType "swiss"]
[EventCountry "SVK"]
[SourceTitle "playchess.com"]
[Source "ChessBase"]
[SourceQuality "1"]
[TimeControl "40/5400+30:1800+30"]

1. d4 d5 2. c4 c6 3. e3 Nf6 4. Nf3 e6 5. Nc3 Nbd7 6. Qc2 b6 7. Bd3 Bb7 8. e4 dxe4 9. Nxe4 Nxe4 10. Bxe4 Nf6 11. O-O Qc7 12. Re1 Bb4 13. Bd2 Bxd2 14. Nxd2 O-O-O 15. Qc3 h5 16. a4 c5 17. Bxb7+ Kxb7 18. dxc5 Qxc5 19. a5 Qf5 20. Nf3 Ne4 21. Qa3 bxa5 22. c5 Rd7 23. c6+ Kxc6 24. Qa4+ Qb5 25. Ne5+ Kb6 26. Nxd7+ Ka6 27. Qxb5+ Kxb5 28. Rxe4 Rd8 29. Ne5 Rd5 30. Nxf7 a6 31. Rxe6 a4 32. Nd6+ Kb4 33. Re4+ Kb3 34. Nc4 a5 35. Ra3+ Kc2 36. Ne3+ Kxb2 37. Nxd5 Kxa3 38. Nc3 Kb3 39. Rxa4 Kxc3 40. Rxa5 h4 41. Kf1 Kd3 42. Ra3+ Ke4 43. Ke2 Kf5 44. Ke3 Kg4 45. Ra5 g5 46. Ke4 h3 47. gxh3+ Kh4 48. Ra3 Kh5 49. Kf5 Kh4 50. Rg3 Kh5 51. h4 Kxh4 52. f4 Kh5 53. Rh3# 1-0

[Event "EYCC Open-U10 2019"]
[Site "Bratislava"]
[Date "2019.08.09"]
[Round "8.3"]
[White "Materia, Marco"]
[Black "Navoyan, Gagik"]
[Result "1/2-1/2"]
[ECO "E47"]
[WhiteElo "2243"]
[BlackElo "1670"]
[Annotator "NA"]
[PlyCount "125"]
[EventDate "2019.08.02"]
[EventType "swiss"]
[EventCountry "SVK"]
[SourceTitle "playchess.com"]
[Source "ChessBase"]
[SourceQuality "1"]
[TimeControl "40/5400+30:1800+30"]

1. d4 Nf6 2. c4 e6 3. Nc3 Bb4 4. e3 O-O 5. Bd3 c5 6. Nf3 Nc6 7. O-O d5 8. a3 Ba5 9. h3 dxc4 10. Bxc4 cxd4 11. exd4 Bb6 12. Be3 Ne7 13. Qd3 Nf5 14. Rad1 Bd7 15. Ne5 Bc6 16. Nxc6 bxc6 17. Ba2 Bc7 18. Ne4 Nxe4 19. Qxe4 Qd6 20. Rfe1 Rab8 21. Rd2 Qh2+ 22. Kf1 Nxe3+ 23. fxe3 Bg3 24. Red1 Rb5 25. Bb1 Rf5+ 26. Ke2 c5 27. dxc5 g6 28. b4 Be5 29. Kd3 Qg3 30. Kc4 Bc7 31. Qg4 Qxe3 32. Bxf5 exf5 33. Qf3 Qe6+ 34. Qd5 Qf6 35. Kb3 Re8 36. Qc4 Re4 37. Rd4 Re3+ 38. Ka2 Be5 39. R4d3 Re2+ 40. R1d2 Re1 41. Rd1 Re2+ 42. R3d2 Re4 43. Qb3 Kg7 44. Rc2 f4 45. c6 Re3 46. Qc4 Bc7 47. Rd7 Re7 48. Rxe7 Qxe7 49. Qd4+ Kh6 50. Kb3 Qe6+ 51. Qc4 Qf5 52. Rc3 Qb1+ 53. Ka4 Qd1+ 54. Kb5 f6 55. Rd3 Qe2 56. Rd7 a6+ 57. Kc5 Bb6+ 58. Kxb6 Qxc4 59. Rd6 Qb5+ 60. Ka7 Qc4 61. Kb6 Qb5+ 62. Ka7 Qc4 63. Kb6 1/2-1/2

[Event "EYCC Open-U10 2019"]
[Site "Bratislava"]
[Date "2019.08.09"]
[Round "8.4"]
[White "Asikainen, Eeli"]
[Black "Zverev, Lev"]
[Result "0-1"]
[ECO "C96"]
[WhiteElo "1447"]
[BlackElo "1849"]
[Annotator "NA"]
[PlyCount "62"]
[EventDate "2019.08.02"]
[EventType "swiss"]
[EventCountry "SVK"]
[SourceTitle "playchess.com"]
[Source "ChessBase"]
[SourceQuality "1"]
[TimeControl "40/5400+30:1800+30"]

1. e4 e5 2. Nf3 Nc6 3. Bb5 a6 4. Ba4 Nf6 5. O-O Be7 6. Re1 b5 7. Bb3 d6 8. c3 O-O 9. h3 Na5 10. Bc2 c5 11. d4 Nd7 12. Nbd2 exd4 13. cxd4 Nc6 14. d5 Nce5 15. Nxe5 Nxe5 16. f4 Ng6 17. Nf3 Bh4 18. Nxh4 Qxh4 19. Rf1 f5 20. e5 Bb7 21. exd6 Rad8 22. Be3 c4 23. Qf3 Qf6 24. Qf2 Bxd5 25. Bb6 Rd7 26. Rad1 Bb7 27. Bd4 Qd8 28. Be5 Nh4 29. Kh2 Nxg2 30. Rg1 Nh4 31. Qd4 Nf3+ 0-1

[Event "EYCC Open-U10 2019"]
[Site "Bratislava"]
[Date "2019.08.09"]
[Round "8.5"]
[White "Golovchenko, Bogdan"]
[Black "Yonal, Timur"]
[Result "1-0"]
[ECO "A05"]
[WhiteElo "1723"]
[BlackElo "1512"]
[Annotator "NA"]
[PlyCount "113"]
[EventDate "2019.08.02"]
[EventType "swiss"]
[EventCountry "SVK"]
[SourceTitle "playchess.com"]
[Source "ChessBase"]
[SourceQuality "1"]
[TimeControl "40/5400+30:1800+30"]

1. Nf3 Nf6 2. d4 e6 3. Bf4 c5 4. e3 Qb6 5. Qc1 Nh5 6. Bg3 Be7 7. c3 O-O 8. Bd3 Nc6 9. Nbd2 d5 10. Ne5 Re8 11. f4 f5 12. Bf2 cxd4 13. cxd4 Nxe5 14. fxe5 g6 15. h3 f4 16. O-O Bd7 17. Nb3 Rac8 18. Qd2 Bb5 19. Bxb5 Qxb5 20. exf4 Bb4 21. Qe3 Rc2 22. g4 Ng7 23. Rfc1 Rec8 24. Rxc2 Rxc2 25. Rc1 Bd2 26. Nxd2 Rxc1+ 27. Kg2 Qxb2 28. f5 Rc7 29. Qg5 Rf7 30. f6 Ne8 31. h4 Qxa2 32. h5 Qc2 33. Nf3 Qe4 34. Kg3 Rc7 35. Nh4 Rc3+ 36. Kh2 Rc2 37. hxg6 hxg6 38. Kg3 Qd3+ 39. Kg2 Ra2 40. Nxg6 Qe4+ 41. Kg3 Ra3+ 42. Kh2 Rh3+ 43. Kxh3 Qh1+ 44. Kg3 Qh7 45. Ne7+ Kh8 46. Qg6 Qxg6 47. Nxg6+ Kg8 48. Ne7+ Kf8 49. g5 a5 50. g6 a4 51. Be3 a3 52. Bh6+ Ng7 53. Bxg7+ Ke8 54. f7+ Kd7 55. f8=Q a2 56. Qc8+ Kxe7 57. Bf8# 1-0

[Event "EYCC Open-U10 2019"]
[Site "Bratislava"]
[Date "2019.08.09"]
[Round "8.6"]
[White "Averin, Nikolay"]
[Black "Royal, Shreyas"]
[Result "1/2-1/2"]
[ECO "C54"]
[WhiteElo "1840"]
[BlackElo "1996"]
[Annotator "NA"]
[PlyCount "147"]
[EventDate "2019.08.02"]
[EventType "swiss"]
[EventCountry "SVK"]
[SourceTitle "playchess.com"]
[Source "ChessBase"]
[SourceQuality "1"]
[TimeControl "40/5400+30:1800+30"]

1. e4 e5 2. Nf3 Nc6 3. Bc4 Bc5 4. c3 Nf6 5. d4 exd4 6. e5 d5 7. Bb5 Ne4 8. cxd4 Bb6 9. Nc3 O-O 10. Be3 Bg4 11. h3 Be6 12. O-O Kh8 13. Qa4 Ne7 14. Qc2 Nxc3 15. Qxc3 c6 16. Bd3 Qd7 17. Nh4 Ng6 18. Bxg6 fxg6 19. f4 Qe7 20. Nf3 Rac8 21. Rac1 Bf5 22. Kh2 a5 23. g4 Bd7 24. Kg3 Rc7 25. Rc2 Rfc8 26. Rfc1 Be6 27. a3 Qd7 28. b4 axb4 29. Qxb4 Ba7 30. Ng5 h6 31. Nxe6 Qxe6 32. a4 b6 33. Qd6 Qe8 34. f5 gxf5 35. gxf5 Rd7 36. Qe6 c5 37. Qxe8+ Rxe8 38. e6 Rdd8 39. dxc5 d4 40. cxb6 Bxb6 41. Bd2 d3 42. Rc6 Bd4 43. R1c4 Bf6 44. h4 Rd5 45. R6c5 Rdd8 46. a5 Be7 47. Rc6 Rf8 48. a6 Rxf5 49. Rc8 Rff8 50. Rxd8 Rxd8 51. Kf3 Kh7 52. Ra4 Kg6 53. Ke4 Bxh4 54. Rd4 Ra8 55. Rd6 Kf6 56. Bc3+ Ke7 57. Rc6 Rd8 58. Bb4+ Ke8 59. Bd2 Bg5 60. Bxg5 hxg5 61. Rc1 Ke7 62. Rd1 Rd6 63. Ra1 d2 64. a7 Rd8 65. Rd1 Ra8 66. Rxd2 Rxa7 67. Rd7+ Rxd7 68. exd7 g4 69. Kf4 g3 70. Kxg3 Kxd7 71. Kg4 Ke7 72. Kg5 Kf8 73. Kg6 Kg8 74. Kg5 1/2-1/2

[Event "EYCC Open-U10 2019"]
[Site "Bratislava"]
[Date "2019.08.09"]
[Round "8.7"]
[White "Warchol, Kamil"]
[Black "Toktomushev, Teimur"]
[Result "1/2-1/2"]
[ECO "B31"]
[WhiteElo "1573"]
[BlackElo "1977"]
[Annotator "NA"]
[PlyCount "80"]
[EventDate "2019.08.02"]
[EventType "swiss"]
[EventCountry "SVK"]
[SourceTitle "playchess.com"]
[Source "ChessBase"]
[SourceQuality "1"]
[TimeControl "40/5400+30:1800+30"]

1. e4 c5 2. Nf3 Nc6 3. Bb5 g6 4. Bxc6 dxc6 5. d3 Bg7 6. h3 b6 7. a4 a5 8. O-O Nh6 9. Na3 f6 10. Be3 e5 11. c3 Ba6 12. Nc4 Bxc4 13. dxc4 Qc7 14. b4 cxb4 15. cxb4 axb4 16. c5 bxc5 17. Bxc5 Bf8 18. Bxf8 Kxf8 19. Qd2 Kg7 20. Qxb4 Rhb8 21. Qc3 Ra5 22. Rfc1 Rba8 23. Qc4 c5 24. Nd2 Qc6 25. Nb3 Rxa4 26. Rxa4 Rxa4 27. Qxc5 Qxc5 28. Nxc5 Ra7 29. f3 Re7 30. Kf2 Nf7 31. Rd1 Ng5 32. Ke3 Ne6 33. Nxe6+ Rxe6 34. Rd7+ Kg8 35. f4 exf4+ 36. Kxf4 Re5 37. h4 g5+ 38. hxg5 Rxg5 39. g4 h5 40. gxh5 Rxh5 1/2-1/2

[Event "EYCC Open-U10 2019"]
[Site "Bratislava"]
[Date "2019.08.09"]
[Round "8.8"]
[White "Gusev, Mikhail"]
[Black "Samunenkov, Ihor"]
[Result "1/2-1/2"]
[ECO "A43"]
[WhiteElo "1575"]
[BlackElo "1985"]
[Annotator "NA"]
[PlyCount "52"]
[EventDate "2019.08.02"]
[EventType "swiss"]
[EventCountry "SVK"]
[SourceTitle "playchess.com"]
[Source "ChessBase"]
[SourceQuality "1"]
[TimeControl "40/5400+30:1800+30"]

1. d4 Nf6 2. Nf3 c5 3. d5 b5 4. Bg5 Ne4 5. Nbd2 Nxg5 6. Nxg5 h6 7. Ngf3 d6 8. e4 a6 9. a4 b4 10. Nc4 Nd7 11. a5 g6 12. Bd3 Bg7 13. Qd2 Qc7 14. O-O O-O 15. Rae1 Rb8 16. Nh4 Ne5 17. Nxe5 dxe5 18. Qe2 Qxa5 19. Ra1 Qb6 20. Bxa6 Bd7 21. Bc4 Ra8 22. Nf3 Bg4 23. h3 Bxf3 24. Qxf3 Ra7 25. Qb3 Rfa8 26. Rxa7 Rxa7 1/2-1/2

[Event "EYCC Open-U10 2019"]
[Site "Bratislava"]
[Date "2019.08.09"]
[Round "8.9"]
[White "Giang, Tran Nam"]
[Black "Sommer, Justus"]
[Result "1-0"]
[ECO "C26"]
[WhiteElo "1931"]
[BlackElo "1671"]
[Annotator "NA"]
[PlyCount "79"]
[EventDate "2019.08.02"]
[EventType "swiss"]
[EventCountry "SVK"]
[SourceTitle "playchess.com"]
[Source "ChessBase"]
[SourceQuality "1"]
[TimeControl "40/5400+30:1800+30"]

1. e4 e5 2. Nc3 Nf6 3. Bc4 Bc5 4. d3 d6 5. Nge2 Be6 6. Bb3 Nbd7 7. O-O Bb6 8. h3 Nc5 9. Be3 h6 10. Qd2 g5 11. Ng3 Nxb3 12. axb3 Bxe3 13. fxe3 h5 14. Nf5 Rg8 15. d4 g4 16. h4 g3 17. dxe5 Ng4 18. exd6 Bxf5 19. Rxf5 Qxh4 20. Nd5 Qh2+ 21. Kf1 Qh1+ 22. Ke2 Qxg2+ 23. Ke1 Qxd2+ 24. Kxd2 Rd8 25. dxc7 Rc8 26. Rxh5 Kd7 27. Rg1 Nh2 28. Ke2 Rg6 29. Rh3 Rcg8 30. e5 R8g7 31. c8=Q+ Kxc8 32. Ne7+ Kd7 33. Nxg6 Rxg6 34. Rhxg3 Rc6 35. c3 Rb6 36. Rh3 Rxb3 37. Kf2 Rxb2+ 38. Kg3 Ng4 39. Kxg4 Rb6 40. Kf5 1-0

[Event "EYCC Open-U10 2019"]
[Site "Bratislava"]
[Date "2019.08.09"]
[Round "8.10"]
[White "Kononenko, Vladimir"]
[Black "Simbelov, Roman T."]
[Result "1/2-1/2"]
[ECO "D45"]
[WhiteElo "1667"]
[BlackElo "1560"]
[Annotator "NA"]
[PlyCount "152"]
[EventDate "2019.08.02"]
[EventType "swiss"]
[EventCountry "SVK"]
[SourceTitle "playchess.com"]
[Source "ChessBase"]
[SourceQuality "1"]
[TimeControl "40/5400+30:1800+30"]

1. d4 d5 2. c4 e6 3. Nc3 c6 4. e3 Nf6 5. Nf3 Nbd7 6. Be2 Bd6 7. O-O O-O 8. Qc2 b6 9. b3 Ba6 10. Bb2 Rc8 11. cxd5 Bxe2 12. Qxe2 exd5 13. Qd3 Re8 14. h3 Ne4 15. Nd2 f5 16. f3 Ng3 17. Rfe1 Nf6 18. Nf1 Nfh5 19. Nxg3 Bxg3 20. Rf1 Qe7 21. Bc1 Bd6 22. Ne2 Qg5 23. Bd2 Ng3 24. Nxg3 Qxg3 25. f4 Re4 26. Rf3 Qg6 27. Kf2 Qh6 28. Rg1 Qh4+ 29. Kf1 Kf8 30. g4 fxg4 31. Rxg4 Qf6 32. Kg2 Rce8 33. Be1 Qe6 34. Bf2 c5 35. dxc5 Bxc5 36. Rg5 Rd8 37. Bh4 Be7 38. Re5 Rxe5 39. fxe5+ Kg8 40. Bxe7 Qxe7 41. Qd4 Qc5 42. Qg4 Qc2+ 43. Rf2 Qg6 44. Qxg6 hxg6 45. Rc2 Re8 46. Rc7 Rxe5 47. Kf3 Rh5 48. Rxa7 Rxh3+ 49. Kf4 g5+ 50. Kxg5 Rxe3 51. Rb7 Re2 52. a4 Re6 53. Kf5 Rd6 54. Ke5 Rd8 55. Rxb6 d4 56. Rg6 d3 57. Rg1 Rb8 58. Rb1 Rb4 59. Rb2 Kf7 60. Kd5 d2 61. Rxd2 Rxb3 62. Ra2 g5 63. a5 g4 64. Kc4 Rb8 65. Rg2 Ra8 66. Kb5 Rb8+ 67. Kc6 Ra8 68. Kb6 Rb8+ 69. Ka7 Rb4 70. a6 Kf6 71. Ka8 Kg5 72. a7 Rb3 73. Rc2 g3 74. Rc7 Kg4 75. Rg7+ Kf3 76. Rf7+ Ke4 1/2-1/2

[Event "EYCC Open-U10 2019"]
[Site "Bratislava"]
[Date "2019.08.09"]
[Round "8.11"]
[White "Ljepic, Andrej"]
[Black "Tykheev, Aldar"]
[Result "1/2-1/2"]
[ECO "C50"]
[WhiteElo "1824"]
[BlackElo "1434"]
[Annotator "NA"]
[PlyCount "75"]
[EventDate "2019.08.02"]
[EventType "swiss"]
[EventCountry "SVK"]
[SourceTitle "playchess.com"]
[Source "ChessBase"]
[SourceQuality "1"]
[TimeControl "40/5400+30:1800+30"]

1. e4 e5 2. Nf3 Nc6 3. Bc4 Nf6 4. d3 Bc5 5. O-O d6 6. c3 Bg4 7. Nbd2 O-O 8. h3 Bh5 9. Re1 a5 10. a4 Bg6 11. Nf1 h6 12. Ng3 Nh5 13. Nf5 Bxf5 14. exf5 Nf6 15. d4 exd4 16. cxd4 Bb4 17. Bd2 Qd7 18. g4 Rfe8 19. Qc2 Bxd2 20. Qxd2 Ne4 21. Qf4 Nf6 22. h4 h5 23. g5 Ng4 24. Bb5 d5 25. Nd2 Rxe1+ 26. Rxe1 Re8 27. Rxe8+ Qxe8 28. Kg2 Qe1 29. Nf3 Qxf2+ 30. Kh1 Qxb2 31. Qxc7 Qb1+ 32. Kg2 Qc2+ 33. Kg3 Qf2+ 34. Kf4 Qe3+ 35. Kg3 Qf2+ 36. Kf4 Qe3+ 37. Kg3 Qf2+ 38. Kf4 1/2-1/2

[Event "EYCC Open-U10 2019"]
[Site "Bratislava"]
[Date "2019.08.09"]
[Round "8.12"]
[White "Salinas Tomas, Daniel"]
[Black "Wielgus, Wojciech"]
[Result "1/2-1/2"]
[ECO "B52"]
[WhiteElo "2001"]
[BlackElo "1655"]
[Annotator "NA"]
[PlyCount "95"]
[EventDate "2019.08.02"]
[EventType "swiss"]
[EventCountry "SVK"]
[SourceTitle "playchess.com"]
[Source "ChessBase"]
[SourceQuality "1"]
[TimeControl "40/5400+30:1800+30"]

1. e4 c5 2. Nf3 d6 3. Bb5+ Bd7 4. Bxd7+ Nxd7 5. O-O e6 6. c3 Ngf6 7. Re1 Be7 8. d4 O-O 9. h3 Rc8 10. a4 Qc7 11. Bf4 Rfd8 12. Qe2 h6 13. Bg3 cxd4 14. cxd4 Qc2 15. Nc3 Qxe2 16. Rxe2 Nb6 17. a5 Nc4 18. a6 bxa6 19. Rxa6 Rd7 20. e5 dxe5 21. Nxe5 Nxe5 22. dxe5 Nd5 23. Nxd5 exd5 24. Re3 d4 25. Rd3 Rc2 26. Ra2 Bb4 27. Kf1 Bc3 28. f3 Rxb2 29. Rxb2 Bxb2 30. Be1 Kh7 31. Ke2 Kg6 32. g4 Rb7 33. Kd1 Rb5 34. f4 Kh7 35. Kc2 Kg8 36. Bf2 Rb4 37. Be1 Bc3 38. Bxc3 dxc3 39. f5 Re4 40. e6 fxe6 41. fxe6 Rxe6 42. Rxc3 Kh7 43. Ra3 a6 44. Kd3 Kg6 45. Ra5 Kf6 46. h4 Ke7 47. Kd4 Kd7 48. g5 1/2-1/2

[Event "EYCC Open-U10 2019"]
[Site "Bratislava"]
[Date "2019.08.09"]
[Round "8.13"]
[White "Agasarov, Benik"]
[Black "Helms, Finn"]
[Result "1-0"]
[ECO "A45"]
[WhiteElo "1697"]
[BlackElo "1787"]
[Annotator "NA"]
[PlyCount "83"]
[EventDate "2019.08.02"]
[EventType "swiss"]
[EventCountry "SVK"]
[SourceTitle "playchess.com"]
[Source "ChessBase"]
[SourceQuality "1"]
[TimeControl "40/5400+30:1800+30"]

1. d4 Nf6 2. Bg5 e6 3. e4 h6 4. Bxf6 Qxf6 5. c3 d5 6. e5 Qd8 7. Nf3 c5 8. a3 c4 9. Nbd2 Nc6 10. g3 Be7 11. Bg2 O-O 12. O-O f6 13. exf6 Bxf6 14. Qe2 Qc7 15. Rae1 Bd7 16. Ne5 Nxe5 17. dxe5 Be7 18. f4 Qb6+ 19. Kh1 Qxb2 20. Rb1 Qxa3 21. Rxb7 Bc6 22. Rc7 Rfc8 23. Rxc8+ Rxc8 24. Qg4 Bd7 25. Bxd5 exd5 26. Qxd7 Rd8 27. Qe6+ Kh8 28. f5 Bg5 29. Nf3 Qf8 30. Nxg5 hxg5 31. f6 Kh7 32. Qh3+ Kg6 33. g4 gxf6 34. Rxf6+ Qxf6 35. Qh5+ Kg7 36. exf6+ Kxf6 37. Qh6+ Ke7 38. Qxg5+ Ke8 39. Qe5+ Kf8 40. g5 d4 41. Qf6+ Ke8 42. g6 1-0

[Event "EYCC Open-U10 2019"]
[Site "Bratislava"]
[Date "2019.08.09"]
[Round "8.14"]
[White "Zienkiewicz, Jan"]
[Black "Dyachuk, Artem"]
[Result "1-0"]
[ECO "B46"]
[WhiteElo "1804"]
[BlackElo "1538"]
[Annotator "NA"]
[PlyCount "93"]
[EventDate "2019.08.02"]
[EventType "swiss"]
[EventCountry "SVK"]
[SourceTitle "playchess.com"]
[Source "ChessBase"]
[SourceQuality "1"]
[TimeControl "40/5400+30:1800+30"]

1. e4 c5 2. Nf3 e6 3. d4 cxd4 4. Nxd4 Nc6 5. Nc3 a6 6. Nxc6 bxc6 7. Bd3 d5 8. O-O Nf6 9. Re1 Be7 10. e5 Nd7 11. Qg4 g6 12. Bh6 Bf8 13. Bxf8 Kxf8 14. Na4 Rb8 15. b3 c5 16. c4 d4 17. f4 Qa5 18. Qf3 Bb7 19. Be4 Bxe4 20. Rxe4 Nb6 21. Nxb6 Rxb6 22. g4 h5 23. h3 hxg4 24. hxg4 Qa3 25. Re2 Kg7 26. Rf1 Qb4 27. Qg3 Rbb8 28. f5 Qb7 29. Rg2 Qe4 30. Re1 Qc6 31. Qf4 Rh3 32. f6+ Kf8 33. Rh2 Rxh2 34. Qxh2 Ke8 35. Qh8+ Kd7 36. Qxb8 Qf3 37. Qd6+ Kc8 38. Qxa6+ Kb8 39. Qb5+ Ka8 40. Qa6+ Kb8 41. Qd6+ Kb7 42. Qd7+ Kb8 43. Qe8+ Kb7 44. Qb5+ Ka8 45. Qa5+ Kb7 46. Qd2 Qg3+ 47. Qg2+ 1-0

[Event "EYCC Open-U10 2019"]
[Site "Bratislava"]
[Date "2019.08.09"]
[Round "8.15"]
[White "Englisch, Tobias"]
[Black "Sapocinic, Semion"]
[Result "0-1"]
[ECO "B01"]
[WhiteElo "1643"]
[BlackElo "1781"]
[Annotator "NA"]
[PlyCount "88"]
[EventDate "2019.08.02"]
[EventType "swiss"]
[EventCountry "SVK"]
[SourceTitle "playchess.com"]
[Source "ChessBase"]
[SourceQuality "1"]
[TimeControl "40/5400+30:1800+30"]

1. e4 d5 2. exd5 Qxd5 3. Nc3 Qd8 4. Bc4 Nf6 5. d3 a6 6. h3 b5 7. Bb3 Bb7 8. Nf3 e6 9. O-O c5 10. Bf4 Nc6 11. a4 b4 12. Ne4 Nxe4 13. dxe4 Qxd1 14. Raxd1 Na5 15. Nd2 Rc8 16. Rfe1 c4 17. Ba2 Be7 18. Nf3 Bc6 19. Nd4 Bxa4 20. b3 cxb3 21. Bxb3 Nxb3 22. cxb3 Bd7 23. Ra1 Bc5 24. Be3 O-O 25. Rxa6 Ra8 26. Rea1 Rxa6 27. Rxa6 Rc8 28. Ra2 Bd6 29. Rc2 Ra8 30. g3 f6 31. Rc4 e5 32. Nf5 Bxf5 33. exf5 Ra3 34. Rc8+ Kf7 35. Bc5 Bxc5 36. Rxc5 h6 37. Rb5 Rxb3 38. Kf1 Rb2 39. Ke1 h5 40. h4 b3 41. Rb8 Rb1+ 42. Kd2 b2 43. Kc3 Rc1+ 44. Kxb2 Rf1 0-1

[Event "EYCC Open-U10 2019"]
[Site "Bratislava"]
[Date "2019.08.09"]
[Round "8.16"]
[White "Efimov, Leonid"]
[Black "Villa Tornero, Alex"]
[Result "0-1"]
[ECO "A05"]
[WhiteElo "1773"]
[BlackElo "1641"]
[Annotator "NA"]
[PlyCount "106"]
[EventDate "2019.08.02"]
[EventType "swiss"]
[EventCountry "SVK"]
[SourceTitle "playchess.com"]
[Source "ChessBase"]
[SourceQuality "1"]
[TimeControl "40/5400+30:1800+30"]

1. Nf3 Nf6 2. g3 b5 3. Bg2 Bb7 4. d4 e6 5. O-O c5 6. Bf4 Qb6 7. Nc3 d6 8. dxc5 dxc5 9. a4 a6 10. a5 Qa7 11. Bd6 Nc6 12. Bxf8 Rxf8 13. Qd2 Ke7 14. Qg5 h6 15. Qh4 Nb4 16. Rac1 Rad8 17. e4 Qa8 18. Rfe1 Rh8 19. Qf4 Qc8 20. Nd2 Rd7 21. e5 Nfd5 22. Nxd5+ Bxd5 23. Bxd5 Rxd5 24. Ne4 Rd4 25. Nd6 Qf8 26. Qf3 Rd5 27. Red1 Rxe5 28. Qb7+ Kf6 29. f4 Rd5 30. Ne4+ Kg6 31. c3 Nd3 32. c4 bxc4 33. Rxc4 Nxf4 34. Rxd5 Nxd5 35. Nxc5 Qd6 36. Qxa6 Qe5 37. Re4 Qxb2 38. Qd3 Kf6 39. Qf1+ Ke7 40. a6 Qb6 41. Qc4 Rc8 42. Qxd5 Rxc5 43. Qd4 Rc1+ 44. Kf2 Qxd4+ 45. Rxd4 Ra1 46. Rb4 Rxa6 47. Rb7+ Kf6 48. Kf3 h5 49. Kf4 g5+ 50. Kf3 Ra4 51. Ke3 Ra2 52. h4 gxh4 53. gxh4 Ra4 {[%emt 0:00:12] Kd4 Ke5+} 0-1

[Event "EYCC Open-U10 2019"]
[Site "Bratislava"]
[Date "2019.08.09"]
[Round "8.17"]
[White "Shearsby, Jude"]
[Black "kiladze, Luka"]
[Result "1/2-1/2"]
[ECO "D00"]
[WhiteElo "1486"]
[BlackElo "1683"]
[Annotator "NA"]
[PlyCount "91"]
[EventDate "2019.08.02"]
[EventType "swiss"]
[EventCountry "SVK"]
[SourceTitle "playchess.com"]
[Source "ChessBase"]
[SourceQuality "1"]
[TimeControl "40/5400+30:1800+30"]

1. d4 d5 2. Bf4 Nf6 3. e3 c5 4. c3 Nc6 5. Nd2 Bf5 6. Qb3 Qd7 7. Ngf3 c4 8. Qd1 e6 9. Ne5 Nxe5 10. dxe5 Ne4 11. Nxe4 Bxe4 12. f3 Bg6 13. b3 cxb3 14. axb3 Be7 15. Be2 O-O 16. O-O Rfd8 17. Qd4 a6 18. Rfd1 Rac8 19. b4 Qc6 20. Rac1 Rd7 21. Bg3 b5 22. Be1 Rdc7 23. Ra1 Qb7 24. Ra2 Rc6 25. Rda1 Bd8 26. Qd1 Bb6 27. Bd2 Bc7 28. f4 Be4 29. Bf3 Bd3 30. Be2 Bc4 31. Bxc4 dxc4 32. Qf3 Rd8 33. Kf2 Bb6 34. Kg1 Qc8 35. Kh1 Ba7 36. h3 h6 37. Kh2 Rd3 38. Rd1 Rb6 39. Be1 Qd7 40. Rad2 Rb8 41. Rxd3 cxd3 42. Qe4 Rd8 43. Bh4 Qd5 44. Qxd5 Rxd5 45. e4 Rd7 46. Be1 1/2-1/2

[Event "EYCC Open-U10 2019"]
[Site "Bratislava"]
[Date "2019.08.09"]
[Round "8.18"]
[White "Tabuenca Mendataurigoitia, Dani"]
[Black "Rudnev, Andrei"]
[Result "1-0"]
[ECO "C41"]
[WhiteElo "1765"]
[BlackElo "1607"]
[Annotator "NA"]
[PlyCount "84"]
[EventDate "2019.08.02"]
[EventType "swiss"]
[EventCountry "SVK"]
[SourceTitle "playchess.com"]
[Source "ChessBase"]
[SourceQuality "1"]
[TimeControl "40/5400+30:1800+30"]

1. e4 d6 2. d4 Nf6 3. Nc3 e5 4. Nf3 Nbd7 5. Bc4 Be7 6. O-O O-O 7. Re1 c6 8. a4 a5 9. Bg5 Qc7 10. Nh4 h6 11. Ng6 Re8 12. Nxe7+ Rxe7 13. Bh4 g5 14. Bg3 Nf8 15. h4 g4 16. Qd2 Kh7 17. Rad1 Nh5 18. Re3 Ng6 19. Be2 Bd7 20. dxe5 dxe5 21. Rd3 Be6 22. Rd6 Rae8 23. b3 Qb6 24. Kh2 Ngf4 25. Kh1 Qc5 26. Bf1 Bd5 27. Rxd5 cxd5 28. exd5 Rd8 29. d6 Red7 30. Ne4 Qc6 31. Bxf4 exf4 32. Bb5 Qb6 33. Bxd7 Rxd7 34. Qd5 Qc6 35. Qf5+ Kh8 36. Nc5 Rxd6 37. Qe5+ Rf6 38. Qxh5 g3 39. Nd7 f3 40. Nxf6 fxg2+ 41. Kg1 Qxf6 42. fxg3 Qd8 1-0

[Event "EYCC Open-U10 2019"]
[Site "Bratislava"]
[Date "2019.08.09"]
[Round "8.19"]
[White "Gal, Andrej"]
[Black "Gordeev, Denis"]
[Result "1/2-1/2"]
[ECO "B40"]
[WhiteElo "1705"]
[BlackElo "1467"]
[Annotator "NA"]
[PlyCount "86"]
[EventDate "2019.08.02"]
[EventType "swiss"]
[EventCountry "SVK"]
[SourceTitle "playchess.com"]
[Source "ChessBase"]
[SourceQuality "1"]
[TimeControl "40/5400+30:1800+30"]

1. e4 c5 2. Nf3 e6 3. c3 d5 4. exd5 Qxd5 5. d4 Nf6 6. Be2 Be7 7. O-O O-O 8. Be3 Ng4 9. Bf4 Nc6 10. h3 Nf6 11. dxc5 Bxc5 12. Qc2 e5 13. Bg3 e4 14. Rd1 Qf5 15. Nd4 Bxd4 16. cxd4 Rd8 17. Qa4 Nd5 18. Nc3 Nb6 19. Qb5 Qxb5 20. Nxb5 Nd5 21. Bc4 Be6 22. Nd6 Na5 23. Bxd5 Bxd5 24. b3 Rd7 25. Rac1 Nc6 26. Rc5 Ne7 27. Rdc1 Rad8 28. Rc7 Bc6 29. Rxd7 Rxd7 30. b4 a6 31. a3 g6 32. Kf1 f5 33. Be5 Nd5 34. Ke2 Kf8 35. Kd2 Ke7 36. Nc4 Bb5 37. Ne3 Bc6 38. Nxd5+ Rxd5 39. Ke3 Ke6 40. Kf4 Kf7 41. Kg5 a5 42. Rc5 axb4 43. axb4 Rxc5 1/2-1/2

[Event "EYCC Open-U10 2019"]
[Site "Bratislava"]
[Date "2019.08.09"]
[Round "8.20"]
[White "Misiuk, Martynas"]
[Black "Medhus, Vitus Bondo"]
[Result "1/2-1/2"]
[ECO "B23"]
[WhiteElo "1304"]
[BlackElo "1704"]
[Annotator "NA"]
[PlyCount "45"]
[EventDate "2019.08.02"]
[EventType "swiss"]
[EventCountry "SVK"]
[SourceTitle "playchess.com"]
[Source "ChessBase"]
[SourceQuality "1"]
[TimeControl "40/5400+30:1800+30"]

1. e4 c5 2. Nc3 g6 3. d4 cxd4 4. Qxd4 Nf6 5. Nf3 Nc6 6. Qa4 d6 7. e5 dxe5 8. Nxe5 Bd7 9. Nxd7 Nxd7 10. Bb5 Rc8 11. O-O a6 12. Bd3 Nc5 13. Qh4 Bg7 14. Bh6 O-O 15. Rad1 Nxd3 16. Rxd3 Qb6 17. Rh3 Qd4 18. Bf4 h5 19. Rd1 Qb4 20. Nd5 Rfd8 21. Rhd3 Bf6 22. Nxb4 Rxd3 23. Rxd3 1/2-1/2